 Dungeon Crawl Stone Soup version 0.31-a0-1591-g515db51633 (webtiles) character file.

Game seed: 12137559654687160254

826 monsoonserge the Caller (level 7, -3/51 HPs)
             Began as a Barachi Summoner on Jan 7, 2024.
             Was an Initiate of Cheibriados.
             Slain by an ice beast (14 damage)
             ... on level 5 of the Dungeon.
             The game lasted 00:14:34 (3886 turns).

monsoonserge the Caller (Barachi Summoner)          Turns: 3886, Time: 00:14:35

Health: -3/51      AC:  4    Str: 11    XL:     7   Next: 96%
Magic:  5/11       EV: 12    Int: 18    God:    Cheibriados [......]
Gold:   97         SH:  5    Dex: 13    Spells: 8/12 levels left

rFire   . . .        w - +2 dagger (pain)
rCold   . . .        o - +0 buckler
rNeg    + . .        p - +2 robe {rN+}
rPois   .            (no helmet)
rElec   .            (no cloak)
rCorr   .            (no gloves)
SInv    .            (no boots)
Will    .....        (no amulet)
Stlth   ++           (no ring)
HPRegen 0.28/turn    (no ring)
MPRegen 0.12/turn

%: no passive effects
@: unable to hop, inugami summoned, very slow
A: amphibious, slowness 1, strong legs 1, +LOS
a: Hop, Renounce Religion


You were on level 5 of the Dungeon.
You worshipped Cheibriados.
Cheibriados was noncommittal.
You visited 1 branch of the dungeon, and saw 5 of its levels.

You collected 97 gold pieces.

Inventory:

Hand Weapons
 f - a +0 dagger of venom
 w - a +2 dagger of pain (weapon)
Armour
 o - a +0 buckler (worn)
 p - a +2 robe of positive energy (worn)
Magical Staves
 c - a staff of air
Talismans
 e - a flux talisman
 q - a blade talisman
Wands
 h - a wand of iceblast (7)
 u - a wand of charming (7)
Scrolls
 a - a scroll of vulnerability
 d - 2 scrolls of teleportation {unknown}
 j - a scroll of acquirement {unknown}
 n - 2 scrolls of brand weapon {unknown}
 s - a scroll of blinking
 t - a scroll of poison {unknown}
 v - a scroll of summoning {unknown}
Potions
 b - 2 potions of magic
 g - 2 potions of brilliance
 i - a potion of berserk rage {unknown}
 k - 2 potions of enlightenment
 l - 3 potions of degeneration {unknown}
 m - a potion of curing {unknown}
 r - a potion of mutation {unknown}


   Skills:
 + Level 2.4 Fighting
 + Level 2.3 Short Blades
 + Level 1.1 Staves
 - Level 2.0 Armour
 + Level 3.9 Dodging
 - Level 2.0 Stealth
 * Level 4.0 Shields
 - Level 3.0 Spellcasting
 + Level 7.9 Summonings


You had 8 spell levels left.
You knew the following spells:

 Your Spells              Type           Power      Damage    Failure   Level
a - Summon Small Mammal   Summ           100%       N/A       1%          1
b - Call Canine Familiar  Summ           31%        N/A       2%          3

Your spell library contained the following spells:

 Spells                   Type           Power      Damage    Failure   Level
 Call Imp                 Summ           62%        N/A       1%          2
 Shock                    Conj/Air       8%         1d3       22%         1
 Scorch                   Fire           4%         2d5       34%         2
 Summon Blazeheart Golem  Fire/Summ      17%        N/A       41%         4
 Summon Lightning Spire   Summ/Air       17%        N/A       41%         4
 Swiftness                Air            2%         N/A       56%         3
 Summon Cactus Giant      Summ           15%        N/A       80%         6
 Airstrike                Air            1%         2d(1-17)  92%         4
 Flame Wave               Conj/Fire      2%         2d4       92%         4


Dungeon Overview and Level Annotations

Branches:
Dungeon (5/15)
 Temple: D:4-7

Altars:
Cheibriados
Fedhas
Hepliaklqana
Makhleb
Xom
The Shining One


Innate Abilities, Weirdness & Mutations

You are amphibious.
You cover ground slowly.
You can hop short distances.
You have an extended range of vision and can be seen from far away.


Message History

Your quokka bites the orc priest but does no damage.
The orc priest invokes the aid of Beogh against you.
Your quokka writhes in agony!
Your quokka dies!
Your quokka's corpse disappears in a puff of smoke!
There is an open door here.
You swap places.
An ice beast comes into view.
Casting: Summon Small Mammal (safe; 1% risk of failure)
Confirm with . or Enter, or press ? or * to list all spells.
You call for your canine familiar and it appears with a howl!
The orc priest calls down the wrath of Beogh upon you.
Your quokka writhes in agony!
Your quokka dies!
Your quokka's corpse disappears in a puff of smoke!
The orc priest hits you from afar with a +0 trident.
* * * LOW HITPOINT WARNING * * *
Aiming: Iceblast
Press: ? - help, Shift-Dir - straight line, f - orc priest
Aim: an orc priest, wielding a +0 trident and wearing a +0 chain mail (moderately wounded, ally target)
The mass of ice explodes!
The iceblast engulfs the orc priest!
You kill the orc priest!
Cheibriados appreciates the change of pace. x2
You feel a bit more experienced.
Casting: Call Canine Familiar (dangerous; 2% risk of failure)
Confirm with . or Enter, or press ? or * to list all spells.
Your inugami barely misses the ice beast.
You hit the ice beast but do no damage. The ice beast closely misses you.
Your inugami hits the ice beast. You barely miss the ice beast.
The ice beast is lightly wounded.
The ice beast hits you but does no damage.
Your inugami hits the ice beast.
Your quokka barely misses the ice beast.
You hit the ice beast but do no damage.
The ice beast is moderately wounded.
The ice beast hits you.
* * * LOW HITPOINT WARNING * * *
The ice beast freezes you!
You die...

#.. #.###.. ..##.#....
....#.... ...#.... ro#....
#)# ..##########
##.#####..........
#..o...#Yr........
#......#@h.#######
#.....)'...#.._..#
###..###...#.....########
######..# ...##..†..##.##.##
#.......#....+#.....#.......
#.......+....##.....#.......
#.(###.##....###'''##..###..
##+###.#....###.....#..###..
#..#...+....#.#.....#.......


You could see an ice beast (ally target), a friendly quokka (summoned) and a
friendly inugami (summoned).

Vanquished Creatures
  A bombardier beetle (D:4)
  2 orc priests (D:5)
  A hound (D:4)
  A sleepcap (D:5)
  Terence (D:3)
  Natasha (twice) (D:2)
  An adder (D:5)
  2 dart slugs
  A ribbon worm (D:5)
  2 orcs
  3 ball pythons
  2 bats (D:3)
  7 endoplasms
  3 hobgoblins
  2 quokkas
  3 frilled lizards (D:1)
  2 goblins
  3 kobolds (D:2)
  2 rats
41 creatures vanquished.

Vanquished Creatures (collateral kills)
  Sigmund (D:3)
  An ogre (D:5)
  A bullfrog (D:4)
  A jelly (D:5)
  A hound (D:4)
  Ijyb (D:3)
  Jessica (D:3)
  An orc wizard (D:3)
  Natasha (D:2)
  3 adders
  2 ribbon worms
  7 orcs
  5 endoplasms
  A giant cockroach (D:3)
  4 goblins (D:1)
  4 hobgoblins
  2 jackals (D:4)
  3 ball pythons
  3 frilled lizards
  A kobold (D:1)
  2 rats (D:1)
46 creatures vanquished.

Grand Total: 87 creatures vanquished

Notes
Turn   | Place    | Note
-------+----------+-------------------------------------------
     0 | D:1      | monsoonserge the Barachi Summoner began the quest for the
                  | Orb.
     0 | D:1      | Reached XP level 1. HP: 13/13 MP: 3/3
    41 | D:1      | Reached skill level 5 in Summonings
   123 | D:1      | Reached XP level 2. HP: 8/19 MP: 1/5
   352 | D:1      | Reached XP level 3. HP: 21/24 MP: 4/6
   705 | D:2      | Learned a level 3 spell: Call Canine Familiar
  1099 | D:2      | Noticed Natasha
  1107 | D:2      | Killed Natasha
  1108 | D:2      | Reached XP level 4. HP: 26/31 MP: 3/8
  1209 | D:2      | Noticed Natasha
  1220 | D:2      | Killed Natasha
  1221 | D:2      | Reached skill level 1 in Shields
  1378 | D:2      | Noticed Natasha
  1387 | D:2      | Killed Natasha
  1388 | D:2      | Reached skill level 1 in Staves
  1388 | D:2      | Reached skill level 1 in Armour
  1388 | D:2      | Reached XP level 5. HP: 5/36 MP: 5/9
  1526 | D:3      | Noticed Ijyb
  1643 | D:3      | Killed Ijyb
  1729 | D:3      | Noticed Sigmund
  1730 | D:3      | Noticed Jessica
  1737 | D:3      | Killed Jessica
  1738 | D:3      | Reached skill level 1 in Fighting
  1738 | D:3      | Reached skill level 1 in Short Blades
  1738 | D:3      | Reached skill level 6 in Summonings
  1769 | D:3      | Killed Sigmund
  1770 | D:3      | Reached XP level 6. HP: 12/43 MP: 5/10
  2063 | D:3      | Found a glowing golden altar of the Shining One.
  2163 | D:3      | Found a hazy altar of Hepliaklqana.
  2177 | D:3      | Found a faded altar of an unknown god.
  2319 | D:3      | Found a blossoming altar of Fedhas.
  2338 | D:3      | Found a shimmering altar of Xom.
  2383 | D:3      | Noticed Terence
  2395 | D:3      | Killed Terence
  2594 | D:4      | Reached XP level 7. HP: 42/49 MP: 5/11
  2617 | D:4      | Reached skill level 7 in Summonings
  3103 | D:4      | Found a burning altar of Makhleb.
  3417 | D:5      | Entered Level 5 of the Dungeon
  3535 | D:5      | Found a snail-covered altar of Cheibriados.
  3563 | D:5      | Became a worshipper of Cheibriados the Contemplative
  3886 | D:5      | Slain by an ice beast

Illustrated notes

Levels and vault maps discovered:
D:1:      minmay_arrival_four_houses, layout_rooms
D:2:      layout_basic, grunt_decor_one_mirror, uniq_natasha
D:3:      layout_rooms, mainiacjoe_overflow_24_doors,
          mainiacjoe_overflow_boulevard, fedhas_altar_1, tso_oasis_becter,
          hellmonk_ecumenical_altar_run_dry, uniq_jessica, uniq_ijyb,
          uniq_sigmund, uniq_terence
D:4:      layout_basic, makhleb_blood_cavern_becter
D:5:      layout_gridville, slow_altar_2, serial_library_hellmonk_long_bookcase,
          hangedman_abyss_or_decor_stabs, chequers_big_river

Skill      XL: |  1  2  3  4  5  6  7 |
---------------+----------------------+-----
Summonings     | 5 6 7 |  7.9
Stealth        | 2 |  2.0
Spellcasting   | 3 |  3.0
Shields        | 1 2 3 4 |  4.0
Staves         | 1 |  1.1
Armour         | 1 2 |  2.0
Fighting       | 1 2 |  2.4
Short Blades   | 1 2 |  2.3
Dodging        | 3 |  3.9

Action                     |  1- 3 |  4- 6 |  7- 9 || total
---------------------------+-------+-------+-------++-------
  Melee: Dagger            |    11 |     2 |    42 ||    55
         Unarmed           |     2 |       |       ||     2
         Short sword       |    24 |   107 |       ||   131
         Hand axe          |     2 |       |       ||     2
         Quarterstaff      |    23 |       |       ||    23
         Punch             |     1 |       |       ||     1
   Cast: Summon Small Mamm |    25 |    27 |    16 ||    68
         Call Canine Famil |     1 |    10 |     5 ||    16
Ability: Hop               |       |       |     1 ||     1
  Evoke: Wand              |       |       |     1 ||     1
    Use: Scroll            |       |       |     4 ||     4
   Stab: Distracted        |     1 |     3 |     1 ||     5
         Sleeping          |       |     3 |     2 ||     5
 Armour: Robe              |    38 |    20 |    20 ||    78
         Leather armour    |       |    46 |       ||    46
  Dodge: Dodged            |    37 |    36 |    22 ||    95
  Block: Buckler           |     1 |    16 |     7 ||    24

Table legend: (Time is in decaauts)
 A = Elapsed time spent in this place.
 B = Non-inter-level travel time spent in this place.
 C = Inter-level travel time spent in this place.
 D = Time resting spent in this place.
 E = Time spent auto-exploring this place.
 F = Levels seen in this place.
 G = Mean time per level.
                   A        B        C        D        E       F      G
               +--------+--------+--------+--------+--------+-----+--------+
         Total |   4440 |   4326 |    114 |    520 |   2404 |   5 |  888.0 |
       Dungeon |   4440 |   4326 |    114 |    520 |   2404 |   5 |  888.0 |
               +--------+--------+--------+--------+--------+-----+--------+

Top non-repeatable levels by time:
     D:2: 1404 daAuts
     D:4: 1013 daAuts
     D:3: 913 daAuts
     D:1: 554 daAuts
     D:5: 554 daAuts
